 Dungeon Crawl Stone Soup version 0.18-a0-1685-g4482fe3 (webtiles) character file.

1987560 koboldina the Conqueror (level 25, 257/257 HPs)
             Began as a Pale Draconian Enchanter on Apr 3, 2016.
             Was the Champion of Ru.
             Escaped with the Orb
             ... and 4 runes!
             The game lasted 06:22:19 (107752 turns).

koboldina the Conqueror (DrEn)                    Turns: 107752, Time: 06:22:19

Health: 257/257    AC: 21    Str: 15    XL:     25
Magic:  32/34      EV: 38    Int: 14    God:    Ru [******]
Gold:   6971       SH: 16    Dex: 23    Spells: 6 memorised, 18 levels left

rFire  + + +     SeeInvis +     B - +9 double sword (freeze)
rCold  + + +     Gourm    .     (armour unavailable)
rNeg   + + .     Faith    .     m - +0 shield
rPois  +         Spirit   .     M - +2 hat {rF+}
rElec  +         Dismiss  .     D - +2 cloak {MR+}
rCorr  .         Reflect  .     u - +0 pair of gloves of Parlour Games {+Blink rC++ Regen+ Int-2}
SustAt .         Harm     .     V - +0 pair of boots
MR     ++...     Rnd*Rage +     h - macabre finger necklace {rN+}
Stlth  ..........               O - ring "Noakerew" {Fire rPois Int-2 Dex+2 Slay+2}
                                c - ring of Shadows {Umbra +Inv rN+ SInv}
                                o - ring of Gileg {rF+ rC+ AC+2 Str+4}

@: very slightly contaminated, hasted, wreathed by umbra, very quick, very
resistant to hostile enchantments, extremely unstealthy
A: breathe steam, unfitting armour, berserk 2, cold resistance 2, mutation
resistance 1, screaming 1, electricity resistance, cold-blooded, no stealth,
inability to use devices, hated by all, no earth magic, no necromancy magic, no
translocations magic, inexperienced 1, AC +12
a: Breathe Steam, Draw Out Power, Power Leap, Apocalypse, Renounce Religion
0: Orb of Zot
}: 4/15 runes: decaying, serpentine, slimy, silver


You escaped.
You worshipped Ru.
Ru was exalted by your worship.
You were not hungry.

You visited 12 branches of the dungeon, and saw 59 of its levels.
You visited the Abyss 8 times.
You visited 1 ziggurat, and saw 8 of its levels.
You also visited: Labyrinth, Ice Cave, Volcano and Wizlab.

You collected 8855 gold pieces.
You spent 1884 gold pieces at shops.

Inventory:

Hand Weapons
 t - a +2 rapier of distortion
 B - a +9 double sword of freezing (weapon)
Missiles
 i - 8 throwing nets (quivered)
Armour
 m - a +0 shield (worn)
 u - the +0 pair of gloves of Parlour Games (worn) {+Blink rC++ Regen+ Int-2}
   (You acquired it on level 4 of the Realm of Zot)

   It affects your intelligence (-2).
   It greatly protects you from cold.
   It lets you blink.
   It increases your rate of regeneration.
 D - a +2 cloak of magic resistance (worn)
 M - a +2 hat of fire resistance (worn)
 V - a +0 pair of boots (worn)
Jewellery
 c - the ring of Shadows (left hand) {Umbra +Inv rN+ SInv}
   (You took it off a vault sentinel on level 5 of the Vaults)

   [ring of positive energy]

   It protects you from negative energy.
   It lets you see invisible.
   It lets you turn invisible.
 e - a +3 ring of intelligence
 h - the macabre finger necklace (around neck) {rN+}
   (You found it on level 6 of the Pits of Slime)

   [amulet of nothing]

   It protects you from negative energy.
 k - a +5 amulet of reflection
 n - the ring of Goitetab {rN+ MR+ MP+9 Int+4}
   (You took it off an ironheart preserver on level 4 of the Vaults)

   [ring of magical power]

   It affects your intelligence (+4).
   It protects you from negative energy.
   It affects your resistance to hostile enchantments.
   It affects your magic capacity (+9).
 o - the ring of Gileg (on amulet) {rF+ rC+ AC+2 Str+4}
   (You took it off a deep elf annihilator on level 4 of the Vaults)

   [ring of protection]

   It affects your AC (+2).
   It affects your strength (+4).
   It protects you from fire.
   It protects you from cold.
 s - an uncursed ring of resist corrosion
 O - the ring "Noakerew" (right hand) {Fire rPois Int-2 Dex+2 Slay+2}
   (You bought it in a shop on level 2 of the Orcish Mines)

   [ring of fire]

   It enhances your fire magic, and weakens your ice magic.
   It affects your intelligence (-2).
   It affects your dexterity (+2).
   It affects your accuracy and damage with ranged weapons and melee attacks
   (+2).
   It protects you from fire.
   It makes you vulnerable to cold.
   It protects you from poison.
Scrolls
 b - 16 scrolls of identify
 d - a scroll of enchant weapon
 j - 2 scrolls of silence
 r - 2 scrolls of immolation
 y - 14 scrolls of remove curse
 E - 4 scrolls of fog
 G - 7 scrolls of amnesia
 H - 3 scrolls of enchant armour
 K - 7 scrolls of magic mapping
 L - a scroll of brand weapon
 T - 4 scrolls of fear
Potions
 a - 9 potions of lignification
 f - 2 potions of ambrosia
 g - 9 potions of brilliance
 q - a potion of invisibility
 z - a potion of haste
 C - 4 potions of berserk rage
 I - a potion of might
 J - 4 potions of flight
 S - 2 potions of magic
Comestibles
 l - 11 beef jerkies
 p - 3 slices of pizza
 v - 70 fruits
 x - a royal jelly


   Skills:
 O Level 27 Fighting
 - Level 1.0(18.7) Short Blades
 O Level 27 Long Blades
 O Level 27 Dodging
 - Level 20.5 Shields
 - Level 7.4 Spellcasting
 - Level 2.6 Hexes
 + Level 12.6 Charms


You had 18 spell levels left.
You knew the following spells:

 Your Spells              Type           Power        Failure   Level  Hunger
a - Corona                Hex            ##.....      4%          1    None
b - Haste                 Chrm           #####...     12%         6    #######
c - Repel Missiles        Chrm/Air       ###...       1%          2    None
d - Ensorcelled Hibernat  Hex/Ice        #.....       14%         2    None
e - Tukima's Dance        Hex            ##......     14%         3    ##.....
f - Deflect Missiles      Chrm/Air       ###.......   98%         6    #######


Dungeon Overview and Level Annotations

Branches:
Dungeon (15/15)            Temple (1/1) D:4            Lair (8/8) D:11
  Swamp (4/4) Lair:5        Snake (4/4) Lair:6        Slime (6/6) Lair:7
    Orc (2/2) D:12            Elf (3/3) Orc:2        Vaults (5/5) D:14
  Crypt (0/3) Vaults:3     Depths (5/5) D:15           Hell (1/1)
    Zot (5/5) Depths:5
    Dis: Hell:1         Geh: Hell:1         Coc: Hell:1         Tar: Hell:1

Altars:
Ashenzari
Cheibriados
Dithmenos
Elyvilon
Fedhas
Gozag
Kikubaaqudgha
Makhleb
Nemelex Xobeh
Okawaru
Qazlal
Ru
Sif Muna
Trog
Vehumet
Xom
Yredelemnul
Zin
The Shining One
Beogh
Jiyva

Shops:
D:9 *   Orc:2 %?==   Elf:2 :   Elf:3 ?   Vaults:1 (   Vaults:3 *   Vaults:4 *

Portals:
Hell: Lair:8 Depths:1 Depths:2 Depths:3 Depths:4 Depths:5
Abyss: Depths:4
Pandemonium: Depths:3
Trove: Depths:5 (give +2 gold dragon armour)

Annotations:
D:10 4 runed doors -- animals and stuff inside
Hell Geryon


Innate Abilities, Weirdness & Mutations

You can breathe blasts of scalding, opaque steam.
Your pale cyan-grey scales are hard (AC +12).
Your body does not fit into most forms of armour.
You are cold-blooded and may be slowed by cold attacks.
You cannot be stealthy.
You cannot study or use magical devices.
You are hated by all.
You cannot study or cast Earth magic.
You cannot study or cast Necromancy magic.
You cannot study or cast Translocations magic.
You are somewhat inexperienced (-2 XL).
You often lose your temper in combat.
Your flesh is very cold resistant.
You are somewhat resistant to further mutation.
You occasionally shout uncontrollably at your foes.
You are resistant to electric shocks.


Message History

Casting: Haste
Confirm with . or Enter, or press ? or * to list all spells.
Aiming: Haste
Press: ? - help, Shift-Dir - straight line, f - you You feel yourself speed up.
An ancient lich comes into view.
The ancient lich shouts!
The ancient lich begins to cast a spell, but is stunned by your will!
The ancient lich gestures at you while chanting.
You feel haunted.
A kobold comes into view. It is wielding a club.
The kobold shouts!
The kobold throws a stone.
You block the stone.
You see here a stone.
The kobold throws a stone.
You block the stone.
You see here a stone.
A sixfirhy comes into view.
There is a staircase leading out of the dungeon here.
The kobold throws a stone.
The stone completely misses you.
You have escaped!

......#..###.........###...##..)#
........## ##.......## ##.......>
........# #.......# #..##....
.......L## ##...4...## ##...##..#
.....#...###.....K...###....##...
....###..L..................##..#
....###...W.W...............##...
..#+##......(W...................
........)......(@..........###.#.
......#....................###...
#.....#.....................##.##
##....#.[......(............##...
......#..###.........###....##..#
#####.#.## ##.......## ##........
......#.# #.......# #...##..#
.....##.## ##.......## ##....#..#
.....##..###.........###........#


You could see an ancient lich, a sixfirhy, 3 wraiths and a kobold.

Vanquished Creatures
  the Royal Jelly (Slime:6)
  Mennas (Vaults:4)
  9 orbs of fire
  3 ancient liches
  A pandemonium lord (Zig:1)
  Sojobo (Vaults:4)
  Vashnia (Snake:4)
  Norris (Elf:1)
  3 curse toes
  2 Killer Klowns (Zot:5)
  15 golden dragons
  9 bone dragons
  Jory (Vaults:4)
  A Brimstone Fiend (Depths:1)
  5 electric golems
  23 tentacled monstrosities
  6 liches
  2 Hell Sentinels (Zig:6)
  34 acid blobs
  25 Orb Guardians
  A quicksilver dragon (Vaults:5)
  3 titans (Vaults:5)
  4 deep elf master archers (Elf:3)
  3 deep elf blademasters
  An Executioner (Abyss:2)
  18 tentacled starspawn
  6 death cobs
  3 thorn hunters
  5 sphinxes
  Kirke (D:13)
  15 azure jellies
  8 shadow dragons
  18 storm dragons
  11 draconian monks
  6 greater nagas
  8 tengu reavers
  5 iron dragons
  10 fire giants
  23 vault wardens
  Maud (Lair:6)
  12 frost giants
  3 ghost moths
  12 deep elf sorcerers
  3 draconian knights
  Aizul (Snake:3)
  An emperor scorpion (Zig:3)
  6 draconian scorchers
  2 cacodemons
  7 draconian shifters
  6 draconian zealots
  An angel (Abyss:1)
  6 deep elf elementalists (Elf:3)
  2 reapers
  A balrug (Depths:1)
  3 war gargoyles
  4 spriggan defenders
  17 ironheart preservers
  6 draconian annihilators
  35 very ugly things
  15 green draconians
  20 stone giants
  3 vampire knights
  5 draconian callers
  10 deep elf demonologists
  11 purple draconians
  6 salamander stormcallers
  9 deep elf annihilators
  21 yellow draconians
  2 dire elephants
  Azrael (Orc:2)
  A lorocyproca (Hell)
  11 white draconians
  4 black draconians
  18 mottled draconians
  10 red draconians
  A dire elephant (shapeshifter) (Depths:2)
  2 blizzard demons (IceCv)
  Snorg (Lair:4)
  A green death (Depths:5)
  4 deep elf death magi
  13 ettins
  5 crystal guardians
  A minotaur (shapeshifter) (Depths:2)
  29 vault guards
  14 yaktaur captains
  A minotaur (Lab)
  Josephine (D:12)
  An ettin (shapeshifter) (Depths:5)
  19 fire dragons
  6 deep elf high priests
  7 death oozes
  An entropy weaver (Depths:5)
  24 great orbs of eyes
  17 ice dragons
  12 rakshasas
  7 naga warriors
  23 hydras
  A ghost crab (Swamp:4)
  Harold (Lair:2)
  A catoblepas (shapeshifter) (Depths:2)
  5 death knights
  8 anacondas
  10 spriggan air magi
  Erica (D:10)
  14 ogre magi
  An anaconda (shapeshifter) (Abyss:1)
  10 centaur warriors
  A vampire mage (Abyss:1)
  3 hell hogs
  6 deep troll shamans
  18 death yaks
  4 tengu warriors
  7 alligators
  11 deep troll earth magi
  24 dancing weapons
  20 thrashing horrors
  5 spriggan berserkers
  44 large abominations
  4 orc high priests (Orc:2)
  4 shock serpents
  19 deep elf knights
  10 naga sharpshooters
  Nergalle (D:11)
  A soul eater (D:2)
  3 fire crabs
  7 salamander mystics
  3 spatial maelstroms
  18 wretched stars
  4 sun demons
  A shadow wraith (Vaults:3)
  18 skeletal warriors
  2 titan skeletons
  A death drake (shapeshifter) (Abyss:3)
  A deep troll (shapeshifter) (Vaults:5)
  7 unseen horrors
  4 iron trolls
  9 hell knights
  6 spriggan druids
  2 death drakes
  A flayed ghost (D:15)
  7 naga ritualists
  9 giant orange brains
  5 shambling mangroves
  8 swamp dragons
  28 deep trolls
  7 wizards
  17 ironbrand convokers
  10 phantasmal warriors
  16 hill giants
  12 deep elf archers
  An iron dragon zombie (Depths:4)
  2 orange crystal statues
  31 ugly things
  57 deep elf magi
  8 necromancers
  An orb spider (shapeshifter) (Depths:1)
  6 statues (Volcano)
  19 orc knights
  A frost giant zombie (Vaults:4)
  6 orc sorcerers
  2 stone giant zombies
  3 orb spiders (Zig:3)
  19 oklob plants
  9 shining eyes
  9 mana vipers
  8 cyclopes
  21 salamanders
  7 sixfirhies
  9 hornets
  6 worldbinders
  A cyclops (shapeshifter) (Depths:2)
  2 wolf spiders (Vaults:2)
  12 elephants
  41 moths of wrath
  Maurice (D:12)
  10 griffons
  3 water nymphs
  Joseph (D:7)
  35 black mambas
  3 apocalypse crabs
  2 manticores
  A fire giant zombie (Vaults:4)
  22 naga magi
  A black mamba (shapeshifter) (Depths:4)
  3 elephants (shapeshifter)
  3 guardian serpents
  3 frost giant skeletons
  3 ice statues
  3 fire giant skeletons
  13 smoke demons
  19 vault sentinels
  A titan simulacrum (Depths:4)
  A guardian serpent (shapeshifter) (Vaults:3)
  3 rust devils
  A stone giant skeleton (Vaults:3)
  6 eyes of devastation
  An eye of devastation (shapeshifter) (Vaults:5)
  5 gargoyles
  5 orange demons
  A spiny frog (shapeshifter) (Vaults:5)
  23 spiny frogs
  3 rime drakes
  80 yaktaurs
  3 efreet
  A rime drake (shapeshifter) (Vaults:2)
  A kobold demonologist (D:14)
  3 hellions (Abyss:1)
  A yaktaur zombie (Vaults:4)
  2 tormentors
  A yaktaur (shapeshifter) (D:14)
  2 demonic crawlers
  7 tengu conjurers
  8 komodo dragons
  An anaconda simulacrum (Depths:2)
  5 guardian mummies
  8 freezing wraiths
  7 red devils
  9 hellwings
  14 ancient zymes
  A queen bee (Lair:3)
  20 ice devils
  2 queen bees (shapeshifter)
  A harpy zombie (D:14)
  A yaktaur skeleton (Vaults:3)
  A jumping spider (Depths:5)
  2 wind drakes (shapeshifter)
  A wind drake (Zig:4)
  3 polar bears
  9 giant leeches
  2 merfolk (Zig:4)
  9 trolls
  A minotaur skeleton (Lab)
  26 two-headed ogres
  A two-headed ogre (shapeshifter) (Vaults:4)
  An iron dragon simulacrum (Abyss:1)
  153 slime creatures
  A slime creature (shapeshifter) (D:15)
  31 raiju
  A snapping turtle (Zig:4)
  13 blink frogs
  18 bog bodies
  6 boulder beetles
  15 wraiths
  4 flying skulls (Abyss:3)
  2 redbacks (Lab)
  5 water elementals
  2 spriggan skeletons
  2 hogs (D:13)
  6 air elementals
  4 wyverns
  3 shadows
  41 yaks
  13 spriggans
  11 ynoxinuls
  14 hippogriffs
  A fire bat (Volcano)
  12 fire elementals
  3 humans (D:13)
  7 hungry ghosts
  10 neqoxecs
  A yak (shapeshifter) (Depths:2)
  11 chaos spawn
  20 golden eyes
  7 basilisks
  Grum (D:10)
  A steam dragon (D:13)
  A warg (shapeshifter) (Vaults:4)
  35 vampire mosquitoes
  Menkaure (D:7)
  4 mottled dragons
  20 swamp worms
  8 wargs
  7 spatial vortices
  49 nagas
  18 water moccasins
  14 insubstantial wisps
  2 deep troll skeletons (Vaults:3)
  7 hell hounds
  13 porcupines
  27 small abominations
  2 black bears
  2 ettin simulacra
  3 ice beasts
  2 fire dragon simulacra (Depths:2)
  75 orc warriors
  6 sky beasts
  25 wasps
  An alligator simulacrum (Hell)
  14 swamp drakes
  A necrophage (D:12)
  3 phantoms
  A black bear (shapeshifter) (Vaults:1)
  3 boggarts (Depths:4)
  An eye of draining (shapeshifter) (D:13)
  29 wolves
  An ogre (shapeshifter) (Vaults:5)
  2 elf skeletons
  2 orc zombies (Vaults:2)
  63 ogres
  30 centaurs
  A centaur (shapeshifter) (Vaults:3)
  9 eyes of draining
  A swamp dragon skeleton (Abyss:1)
  26 crocodiles
  4 human skeletons
  5 big kobolds
  3 elf zombies
  17 giant frogs
  Blork the orc (D:5)
  A wyvern zombie (D:9)
  A gnoll sergeant (D:10)
  2 earth elementals
  2 wyvern skeletons (D:14)
  4 scorpions
  21 killer bees
  15 wights
  59 jellies
  5 tengu skeletons
  4 electric eels
  3 howler monkeys
  12 crimson imps
  2 giant frog zombies
  8 lava snakes (Volcano)
  8 quasits
  A wyvern simulacrum (D:14)
  A wasp zombie (D:11)
  47 starcursed masses
  7 centaur zombies
  A jelly (shapeshifter) (Vaults:5)
  A giant frog skeleton (D:10)
  3 hounds
  4 human zombies
  44 orc priests
  5 iron imps
  5 centaur skeletons
  8 iguanas
  35 orc wizards
  13 worker ants
  A worker ant (shapeshifter) (Vaults:5)
  29 sheep
  A hound zombie (D:6)
  5 mummies (Zig:8)
  A worker ant zombie (D:9)
  13 gnolls
  10 adders
  58 river rats
  9 shadow imps
  14 white imps
  13 ufetubi
  9 oozes
  An adder skeleton (D:5)
  An adder zombie (D:8)
  10 worms
  A dart slug (shapeshifter) (Abyss:3)
  2 dart slugs
  4 giant geckos
  141 orcs
  10 giant cockroaches
  8 goblins
  12 hobgoblins
  7 jackals
  5 quokkas
  A ball python (D:2)
  A ball python skeleton (D:4)
  6 bats
  A giant gecko zombie (D:5)
  5 giant newts
  14 kobolds
  A quokka skeleton (D:4)
  8 rats
  3 briar patches (Swamp:4)
  A bush (Lair:6)
  3 crawling corpses (Elf:3)
  3 fire vortices
  14 fungi
  2 lurking horrors
  52 plants
  7 starspawn tentacles
  2 starspawn tentacle segments (Abyss:1)
  2 tentacles (Abyss:3)
3661 creatures vanquished.

Vanquished Creatures (collateral kills)
  A gnoll (D:2)
  A giant gecko (D:5)
2 creatures vanquished.

Vanquished Creatures (others)
  A profane servitor (Abyss:3)
  2 Orb Guardians
  An acid blob (Slime:6)
  A death cob (Zot:3)
  A tentacled starspawn (Abyss:1)
  An eldritch tentacle (Depths:2)
  2 storm dragons (Zot:4)
  A draconian monk (Zot:3)
  Agnes (D:15)
  An orc warlord (Orc:2)
  A draconian annihilator (Zot:2)
  An ironheart preserver (Vaults:2)
  A draconian caller (Zot:1)
  The ghost of mibe the Slicer, a journeyman VSBe of Trog (Slime:2)
  A deep elf annihilator (Elf:3)
  A yellow draconian (Zot:2)
  2 ettins
  A great orb of eyes (Slime:3)
  A yaktaur captain (Vaults:5)
  An ice dragon (shapeshifter) (Depths:2)
  A naga warrior (Snake:4)
  3 hydras
  A death yak (Lair:6)
  2 thrashing horrors (Abyss:3)
  2 deep elf knights
  A spriggan druid (Swamp:4)
  4 slime creatures
  A hill giant (D:9)
  A deep elf archer (Elf:1)
  3 orc knights
  3 salamanders
  A griffon (D:13)
  A moth of wrath (Zot:4)
  A hornet (Swamp:4)
  A worldbinder (Abyss:4)
  An ugly thing (Vaults:2)
  2 deep elf magi
  A sixfirhy (Depths:2)
  A black mamba (Lair:8)
  An orange demon (Abyss:4)
  A stone giant skeleton (Abyss:1)
  A rime drake (Zot:4)
  3 dancing weapons
  An ancient zyme (Abyss:4)
  2 yaktaurs
  3 two-headed ogres
  6 large abominations
  A yak (Lair:4)
  A hippogriff (D:13)
  A neqoxec (Abyss:3)
  2 vampire mosquitoes (Swamp:4)
  A merfolk zombie (Abyss:3)
  A swamp drake (Swamp:4)
  3 ogres
  A wasp (Swamp:4)
  4 centaurs
  An earth elemental (Elf:2)
  A wyvern skeleton (D:11)
  2 killer bees
  A snapping turtle simulacrum (Abyss:4)
  A jelly (Zot:1)
  An orc priest (D:14)
  An iguana (Lair:2)
  10 small abominations
  A river rat (Lair:5)
  4 ufetubi
  2 giant geckos
  8 orcs
  93 eldritch tentacle segments (Depths:2)
  A fire vortex (Depths:2)
  32 fungi
  3 lurking horrors (Abyss:3)
  22 plants
  46 starspawn tentacles
  411 starspawn tentacle segments
  7 tentacles (Abyss:3)
  716 tentacle segments (Abyss:3)
  3 withered plants (D:15)
1454 creatures vanquished.

Grand Total: 5117 creatures vanquished

Notes
Turn   | Place    | Note
--------------------------------------------------------------
     0 | D:1      | koboldina the Draconian Enchanter began the quest for the Orb.
     0 | D:1      | Reached XP level 1. HP: 14/14 MP: 3/3
   239 | D:1      | Reached skill level 1 in Fighting
   248 | D:1      | Reached XP level 2. HP: 19/23 MP: 1/5
   742 | D:1      | Learned a level 2 spell: Ensorcelled Hibernation
   830 | D:1      | Reached XP level 3. HP: 22/29 MP: 3/6
   863 | D:1      | Learned a level 3 spell: Tukima's Dance
  2062 | D:2      | Reached XP level 4. HP: 37/37 MP: 5/7
  2098 | D:2      | Found a stormy altar of Qazlal.
  3418 | D:2      | Reached XP level 5. HP: 41/46 MP: 1/8
  3709 | D:3      | Found a sacrificial altar of Ru.
  3717 | D:3      | Became a worshipper of Ru the Awakened
  4475 | D:3      | Reached XP level 6. HP: 49/53 MP: 9/9
  4612 | D:4      | Found a staircase to the Ecumenical Temple.
  4628 | Temple   | Entered the Ecumenical Temple
  4905 | D:4      | Gained mutation: You cannot study or cast Earth magic. [Ru sacrifice]
  4905 | D:4      | Gained mutation: You cannot study or cast Necromancy magic. [Ru sacrifice]
  4905 | D:4      | Gained mutation: You cannot study or cast Translocations magic. [Ru sacrifice]
  4905 | D:4      | Reached * piety under Ru
  5541 | D:4      | You fall through a shaft!
  5541 | D:5      | Entered Level 5 of the Dungeon
  5545 | D:5      | Found an iron altar of Okawaru.
  5561 | D:5      | Reached skill level 5 in Fighting
  6152 | D:5      | Your scales start taking on a pale cyan-grey colour.
  6152 | D:5      | Reached XP level 7. HP: 40/62 MP: 10/10
  6335 | D:5      | Reached skill level 5 in Dodging
  6765 | D:5      | Found a radiant altar of Vehumet.
  6842 | D:5      | Noticed Blork the orc
  6849 | D:5      | Killed Blork the orc
  7009 | D:6      | Reached XP level 8. HP: 73/73 MP: 11/11
  7103 | D:6      | Gained mutation: You tend to lose your temper in combat. [potion of mutation]
  7103 | D:6      | Gained mutation: You evolve. [potion of mutation]
  7103 | D:6      | Gained mutation: You have a pair of small antennae on your head. [potion of mutation]
  7882 | D:6      | Gained mutation: You cannot study or use magical devices. [Ru sacrifice]
  7882 | D:6      | Reached ** piety under Ru
  7882 | D:6      | Reached *** piety under Ru
  7882 | D:6      | Reached **** piety under Ru
  7986 | D:3      | Gained mutation: You are resistant to hostile enchantments. [evolution]
  8218 | D:7      | Noticed Joseph
  8247 | D:7      | Killed Joseph
  8247 | D:7      | Reached XP level 9. HP: 30/83 MP: 12/12
  8259 | D:7      | Noticed Menkaure
  8324 | D:7      | Killed Menkaure
  8903 | D:7      | Found a snail-covered altar of Cheibriados.
  8903 | D:7      | Found an opulent altar of Gozag.
  9107 | D:7      | Found a shadowy altar of Dithmenos.
  9330 | D:8      | Reached skill level 10 in Fighting
  9552 | D:8      | Noticed a hill giant
  9561 | D:8      | Killed a hill giant
  9804 | D:8      | Found a basalt altar of Yredelemnul.
  9857 | D:8      | Reached XP level 10. HP: 88/95 MP: 4/13
 10400 | D:8      | Found a blossoming altar of Fedhas.
 10658 | D:9      | Noticed a hill giant
 10665 | D:9      | Killed a hill giant
 10671 | D:9      | Found a burning altar of Makhleb.
 10770 | D:9      | Reached skill level 10 in Dodging
 11045 | D:9      | Found Dalutuc's Demolitions Depot.
 11211 | D:10     | Entered Level 10 of the Dungeon
 11401 | D:10     | Noticed a hill giant
 11427 | D:10     | Killed a hill giant
 11477 | D:10     | Noticed Erica
 11489 | D:10     | Killed Erica
 11550 | D:10     | Gained mutation: You are robust (+10% HP). [evolution]
 11555 | D:10     | Noticed an unseen horror
 11556 | D:10     | Noticed Grum
 11569 | D:10     | Killed an unseen horror
 11881 | D:10     | Killed Grum
 11959 | D:10     | Found a huge runed gate.
 11961 | D:10     | Found a huge runed gate.
 12079 | D:10     | Found a huge runed gate.
 12079 | D:10     | Found a huge runed gate.
 12081 | D:10     | Noticed a griffon
 12382 | D:10     | Reached XP level 11. HP: 116/116 MP: 14/14
 12483 | D:11     | Noticed a hill giant
 12494 | D:11     | Killed a hill giant
 12852 | D:11     | Noticed a hill giant
 12858 | D:11     | Killed an unseen horror
 12862 | D:11     | Killed a hill giant
 12863 | D:11     | Noticed Nergalle
 12946 | D:11     | Gained mutation: You cannot be stealthy. [Ru sacrifice]
 12946 | D:11     | Reached ***** piety under Ru
 12956 | D:11     | Noticed an orange crystal statue
 13546 | D:11     | Noticed a hill giant
 13546 | D:11     | Killed an orange crystal statue
 14282 | D:11     | Found a staircase to the Lair.
 14532 | D:11     | Killed Nergalle
 14680 | D:11     | Gained mutation: Your flesh is cold resistant. [evolution]
 14879 | D:11     | Noticed a hill giant
 14886 | D:11     | Killed a hill giant
 15297 | D:12     | Noticed Maurice
 15670 | D:12     | Noticed a hill giant
 15676 | D:12     | Killed a hill giant
 15792 | D:12     | Noticed a red ugly thing
 16248 | D:12     | Noticed a hill giant
 16257 | D:12     | Killed a hill giant
 16257 | D:12     | Reached XP level 12. HP: 79/129 MP: 13/15
 16565 | D:12     | Killed Maurice
 16570 | D:12     | Found a staircase to the Orcish Mines.
 16609 | D:12     | Reached skill level 15 in Fighting
 17016 | D:12     | Gained mutation: You are hated by all. [Ru sacrifice]
 17271 | Lair:1   | Entered Level 1 of the Lair of Beasts
 18819 | Lair:2   | Lost mutation: You evolve. [evolution]
 18995 | Lair:2   | Noticed Harold
 19016 | Lair:2   | Killed Harold
 19733 | Lair:2   | Reached XP level 13. HP: 133/141 MP: 16/16
 21008 | Lair:3   | Found a dark tunnel.
 21015 | Volcano  | Entered a volcano
 21715 | Volcano  | Found a bloodstained altar of Trog.
 22408 | Lair:4   | Noticed Snorg
 22647 | Lair:4   | Killed Snorg
 23307 | Lair:4   | Reached skill level 15 in Dodging
 24919 | Lair:5   | Reached XP level 14. HP: 155/155 MP: 17/17
 25621 | Lair:5   | Found a staircase to the Swamp.
 26911 | Lair:6   | Gained mutation: You are somewhat inexperienced (-2 XL). [Ru sacrifice]
 26911 | Lair:6   | Reached XP level 13. HP: 147/147 MP: 16/16
 26911 | Lair:6   | Reached XP level 12. HP: 139/139 MP: 15/15
 26911 | Lair:6   | Reached ****** piety under Ru
 26913 | Lair:6   | Found a staircase to the Snake Pit.
 26961 | Lair:6   | Noticed a death yak
 26963 | Lair:6   | Noticed a death yak
 26963 | Lair:6   | Noticed a death yak
 26963 | Lair:6   | Noticed a death yak
 26963 | Lair:6   | Noticed a death yak
 26964 | Lair:6   | Noticed a death yak
 26977 | Lair:6   | Killed a death yak
 26979 | Lair:6   | Killed a death yak
 26979 | Lair:6   | Killed a death yak
 26982 | Lair:6   | Killed a death yak
 26983 | Lair:6   | Killed a death yak
 26986 | Lair:6   | Killed a death yak
 27030 | Lair:6   | Noticed Maud
 27049 | Lair:6   | Killed Maud
 27549 | Lair:7   | Noticed a death yak
 27549 | Lair:7   | Noticed a death yak
 27551 | Lair:7   | Noticed a death yak
 27553 | Lair:7   | Noticed a death yak
 27554 | Lair:7   | Noticed a death yak
 27568 | Lair:7   | Noticed a five-headed hydra
 27577 | Lair:7   | Killed a five-headed hydra
 27577 | Lair:7   | Killed a death yak
 27577 | Lair:7   | Killed a death yak
 27577 | Lair:7   | Killed a death yak
 27577 | Lair:7   | Reached XP level 13. HP: 108/149 MP: 14/16
 28378 | Lair:7   | Found a staircase to the Slime Pits.
 28940 | Lair:8   | Entered Level 8 of the Lair of Beasts
 29124 | Lair:8   | Identified a scroll of acquirement
 29127 | Lair:8   | Got a pair of pitted gloves
 29146 | Lair:8   | Identified the +1 pair of gloves of Ystrem {rPois rF+++ Slay-6 Stlth+} (You acquired it on level 8 of the Lair of Beasts)
 29152 | Lair:8   | Found a labyrinth entrance.
 29175 | Lab      | Entered a labyrinth
 29202 | Lab      | Found an exit through the horrors of the Abyss.
 29965 | Lab      | Noticed a minotaur
 29975 | Lab      | Killed a minotaur
 30022 | Lab      | Identified Siaz's Disquisition on Toxic Snow
 30099 | Lair:8   | Noticed a dire elephant
 30162 | Lair:8   | Killed a dire elephant
 30311 | Lair:8   | Reached XP level 14. HP: 161/161 MP: 11/17
 30538 | Lair:8   | Found a stormy altar of Qazlal.
 30862 | Lair:8   | Found a burning altar of Makhleb.
 30873 | Lair:8   | Found a gateway to Hell.
 30924 | Hell     | Entered the Vestibule of Hell
 30924 | Hell     | Noticed Geryon
 30926 | Hell     | Noticed a cacodemon
 30981 | Hell     | Noticed a reaper
 31369 | Orc:1    | Entered Level 1 of the Orcish Mines
 31532 | Orc:1    | Noticed Josephine
 31550 | D:12     | Killed Josephine
 32023 | Orc:2    | Entered Level 2 of the Orcish Mines
 32435 | Orc:2    | Found a staircase to the Elven Halls.
 32662 | Orc:2    | Noticed an orc warlord
 32669 | Orc:2    | Found a roughly hewn altar of Beogh.
 32679 | Orc:2    | Noticed Azrael
 32827 | Orc:2    | Found a roughly hewn altar of Beogh.
 33014 | Orc:2    | Found Fyum's Food Emporium.
 33055 | Orc:2    | Found Mimaops's Magic Scroll Shoppe.
 33098 | Orc:2    | Bought a scroll of blinking for 90 gold pieces
 33098 | Orc:2    | Bought a scroll of fear for 42 gold pieces
 33098 | Orc:2    | Bought a scroll of magic mapping for 42 gold pieces
 33098 | Orc:2    | Bought a scroll of identify for 24 gold pieces
 33099 | Orc:2    | Bought a scroll of identify for 24 gold pieces
 33099 | Orc:2    | Bought a scroll of identify for 24 gold pieces
 33099 | Orc:2    | Bought a scroll of identify for 24 gold pieces
 33146 | Orc:2    | Killed Azrael
 34158 | Orc:2    | Killed an orc warlord
 34347 | Orc:2    | Found Egon's Jewellery Emporium.
 34444 | Orc:2    | Found Pugappoy's Jewellery Boutique.
 34498 | Orc:2    | Bought the ring "Noakerew" {Fire rPois Int-2 Dex+2 Slay+2} for 624 gold pieces
 34802 | D:13     | Reached XP level 15. HP: 172/172 MP: 8/18
 35443 | D:13     | Noticed Kirke
 35459 | D:13     | Killed Kirke
 35578 | D:13     | You fall through a shaft for 2 floors!
 35578 | D:15     | Entered Level 15 of the Dungeon
 37073 | D:14     | Found a gate to the Vaults.
 37308 | D:15     | Found a staircase to the Depths.
 37483 | D:15     | Noticed Agnes
 37501 | D:15     | Killed Agnes
 38488 | Slime:1  | Entered Level 1 of the Pits of Slime
 38488 | Slime:1  | Noticed an acid blob
 38490 | Slime:1  | Killed an acid blob
 38495 | Slime:1  | Reached XP level 16. HP: 184/184 MP: 4/19
 38701 | Slime:2  | Noticed an acid blob
 38701 | Slime:2  | Noticed mibe's ghost (journeyman VSBe)
 38715 | Slime:1  | Killed an acid blob
 38884 | Slime:1  | Noticed an acid blob
 38894 | Slime:1  | Killed an acid blob
 38982 | Slime:1  | Reached skill level 5 in Long Blades
 39095 | Slime:2  | Killed mibe's ghost
 39100 | Slime:2  | Noticed an acid blob
 39317 | Slime:2  | Killed an acid blob
 39373 | Slime:3  | Noticed an acid blob
 39527 | Slime:3  | Noticed an acid blob
 39535 | Slime:3  | Killed an acid blob
 39538 | Slime:3  | Gained mutation: You are clumsy. (Dex -2) [a shining eye]
 39619 | Slime:3  | Killed an acid blob
 39676 | Slime:3  | Gained mutation: Scrolls take you a little longer to read. [a shining eye]
 39677 | Slime:3  | Gained mutation: Your body sometimes deteriorates upon taking damage. [a shining eye]
 39681 | Slime:3  | Lost mutation: Scrolls take you a little longer to read. [potion of cure mutation]
 39681 | Slime:3  | Lost mutation: You are robust (+10% HP). [potion of cure mutation]
 39681 | Slime:3  | Lost mutation: You are resistant to hostile enchantments. [potion of cure mutation]
 39681 | Slime:3  | Lost mutation: You are clumsy. (Dex -2) [potion of cure mutation]
 40453 | Lair:1   | Reached skill level 1 in Shields
 40851 | Slime:5  | Noticed an acid blob
 40910 | Slime:5  | Killed an acid blob
 40930 | Slime:6  | Entered Level 6 of the Pits of Slime
 40947 | Slime:6  | Noticed an acid blob
 41111 | Slime:6  | Reached skill level 5 in Shields
 41156 | Slime:6  | Killed an acid blob
 41598 | Elf:1    | Entered Level 1 of the Elven Halls
 41616 | Elf:2    | Noticed Norris
 41900 | Elf:1    | Killed Norris
 42168 | Elf:2    | Reached XP level 17. HP: 127/176 MP: 20/20
 42231 | Elf:3    | Entered Level 3 of the Elven Halls
 42405 | Elf:3    | Noticed a deep elf blademaster
 42405 | Elf:3    | Noticed a deep elf master archer
 42405 | Elf:3    | Noticed a deep elf master archer
 42406 | Elf:3    | Killed a deep elf blademaster
 42406 | Elf:3    | Reached skill level 10 in Long Blades
 42408 | Elf:3    | Noticed a deep elf blademaster
 42411 | Elf:3    | Killed a deep elf master archer
 42415 | Elf:3    | HP: 1/176 [deep elf sorcerer/damnation (39)]
 42416 | Elf:3    | Noticed an Ice Fiend
 42417 | Elf:3    | Noticed a Hell Sentinel
 42417 | Elf:3    | Noticed a deep elf master archer
 42419 | Elf:3    | Noticed a deep elf master archer
 42428 | Elf:3    | Cast into level 3 of the Abyss (a deep elf sorcerer)
 43220 | Abyss:3  | Noticed a profane servitor
 43250 | Abyss:3  | Killed a profane servitor
 43633 | Abyss:3  | Found a corrupted altar of Lugonu.
 44098 | Abyss:3  | Noticed a bone dragon
 44115 | Abyss:3  | Killed a bone dragon
 44118 | Abyss:3  | Gained mutation: You regenerate slowly when monsters are visible. [a neqoxec]
 44129 | Abyss:3  | Noticed a lich
 44138 | Abyss:3  | Found a corrupted altar of Lugonu.
 44148 | Abyss:3  | Gained mutation: Your body often deteriorates upon taking damage. [a cacodemon]
 44155 | Abyss:3  | Reached XP level 18. HP: 110/182 MP: 18/21
 44267 | Abyss:4  | Noticed a lich
 44321 | Abyss:4  | Gained mutation: Your flesh is very cold resistant. [mutagenic meat]
 44378 | Abyss:4  | Noticed a lich
 44396 | Abyss:4  | Killed a lich
 44426 | Abyss:4  | Noticed a bone dragon
 44545 | Abyss:4  | Gained mutation: You do not regenerate naturally when monsters are visible. [mutagenic glow]
 44546 | Abyss:4  | Lost mutation: Your body often deteriorates upon taking damage. [potion of cure mutation]
 44546 | Abyss:4  | Lost mutation: You have a pair of small antennae on your head. [potion of cure mutation]
 44547 | Abyss:4  | Lost mutation: You tend to lose your temper in combat. [potion of cure mutation]
 44547 | Abyss:4  | Lost mutation: Your body sometimes deteriorates upon taking damage. [potion of cure mutation]
 44548 | Abyss:4  | Lost mutation: You do not regenerate naturally when monsters are visible. [potion of cure mutation]
 44633 | Abyss:4  | Noticed a hellephant
 44643 | Abyss:5  | Entered Level 5 of the Abyss
 44711 | Abyss:5  | Noticed a lich
 44837 | Elf:3    | Escaped the Abyss
 44838 | Elf:3    | Noticed an Ice Fiend
 44885 | Elf:3    | Noticed an Ice Fiend
 44903 | Elf:3    | Cast into level 3 of the Abyss (a deep elf sorcerer)
 45062 | Abyss:3  | Gained mutation: You expend magic power (3 MP) to strengthen your wands. [a neqoxec]
 45077 | Abyss:3  | Gained mutation: You are resistant to electric shocks. [a neqoxec]
 45089 | Elf:3    | Escaped the Abyss
 45102 | Elf:3    | Got a translucent turquoise ring
 45182 | Elf:3    | Noticed a Brimstone Fiend
 45198 | Elf:3    | Reached XP level 19. HP: 98/191 MP: 15/22
 45608 | Elf:3    | Identified the Disquisition on Captivating Creation
 45638 | Elf:3    | Got a steaming trident
 45639 | Elf:3    | Identified the +7 trident "Plojy" {flame, rPois} (You found it on level 3 of the Elven Halls)
 45711 | Elf:3    | Found Uhiphist's Magic Scroll Shoppe.
 45719 | Elf:3    | Bought a scroll of torment for 150 gold pieces
 46192 | Elf:3    | Noticed a Brimstone Fiend
 46199 | Elf:3    | Identified the ring "Neicvoim" {Fire +Fly MR- Dex+4 SInv} (You took it off a deep elf demonologist on level 3 of the Elven Halls)
 47028 | Elf:2    | Found Liur's Book Emporium.
 47220 | Elf:2    | Found a runed gate.
 47220 | Elf:2    | Found a runed gate.
 47220 | Elf:2    | Found a runed gate.
 48577 | Elf:3    | Bought a scroll of enchant weapon for 150 gold pieces
 48577 | Elf:3    | Bought a scroll of enchant weapon for 150 gold pieces
 48717 | Orc:2    | Bought a scroll of enchant weapon for 90 gold pieces
 49857 | Slime:6  | Found a viscous altar of Jiyva.
 49860 | Slime:6  | Noticed the Royal Jelly
 50263 | Depths:1 | Entered Level 1 of the Depths
 50402 | Depths:1 | Reached skill level 15 in Long Blades
 50425 | Depths:1 | Paralysed by a great orb of eyes for 6 turns
 50573 | Depths:1 | Reached XP level 20. HP: 151/200 MP: 14/23
 54499 | Depths:3 | Reached XP level 21. HP: 188/207 MP: 24/24
 54614 | Depths:3 | Found a one-way gate leading to the halls of Pandemonium.
 54757 | Depths:4 | Found a one-way gate to the infinite horrors of the Abyss.
 56169 | Depths:4 | Found a runed door.
 56236 | Depths:5 | Entered Level 5 of the Depths
 56362 | Depths:5 | Noticed a golden dragon
 56382 | Depths:5 | Killed a golden dragon
 56446 | Depths:5 | Noticed a golden dragon
 56460 | Depths:5 | Killed a golden dragon
 56468 | Depths:5 | Found a magical portal.
 56515 | WizLab   | Entered Wucad Mu's Monastery
 56747 | WizLab   | Reached XP level 22. HP: 215/215 MP: 25/25
 56748 | WizLab   | Gained mutation: You are robust (+10% HP). [potion of beneficial mutation]
 56797 | Depths:5 | Learned a level 6 spell: Haste
 56940 | Depths:5 | Found a gate to the Realm of Zot.
 57782 | Depths:5 | Found a glowing golden altar of the Shining One.
 57960 | Depths:5 | Reached XP level 23. HP: 218/255 MP: 19/26
 58032 | Depths:5 | Found a portal to a secret trove of treasure.
 58382 | Depths:5 | Found a gateway to a ziggurat.
 58521 | Depths:5 | Gained mutation: Your mind is acute. (Int +2) [potion of beneficial mutation]
 59325 | Slime:1  | Gained mutation: Scrolls take you a little longer to read. [a shining eye]
 59328 | Slime:1  | Gained mutation: You tend to lose your temper in combat. [a shining eye]
 59561 | Slime:2  | Found a viscous altar of Jiyva.
 61703 | Slime:3  | Paralysed by a great orb of eyes for 6 turns
 62501 | Slime:6  | Killed the Royal Jelly
 62581 | Slime:5  | Gained mutation: You often lose your temper in combat. [a shining eye]
 65083 | Depths:2 | Lost mutation: You are robust (+10% HP). [mutagenic meat]
 65086 | Depths:2 | Gained mutation: You have large cloven feet. [mutagenic meat]
 65087 | Depths:2 | Gained mutation: You are somewhat resistant to further mutation. [mutagenic meat]
 66050 | Depths:5 | Found a gate to the Realm of Zot.
 66095 | Depths:5 | Found a glowing golden altar of the Shining One.
 66223 | Depths:5 | Found a gateway to a ziggurat.
 66540 | Depths:5 | Found a portal to a secret trove of treasure.
 66658 | Depths:5 | Found a glowing golden altar of the Shining One.
 66712 | Depths:5 | Found a gate to the Realm of Zot.
 67030 | Depths:5 | Found a gateway to a ziggurat.
 67233 | Depths:5 | Found a portal to a secret trove of treasure.
 67888 | Snake:1  | Entered Level 1 of the Snake Pit
 68364 | Snake:1  | You fall through a shaft!
 69853 | Snake:3  | Found a frozen archway.
 69874 | Snake:3  | Reached skill level 27 in Fighting
 69931 | IceCv    | Entered an ice cave
 70776 | Snake:3  | Reached XP level 24. HP: 221/249 MP: 8/26
 70883 | Snake:3  | Noticed Aizul
 70898 | Snake:3  | Killed Aizul
 71684 | Snake:4  | Entered Level 4 of the Snake Pit
 72123 | Snake:4  | Noticed Vashnia
 72143 | Snake:4  | Killed Vashnia
 72981 | Snake:4  | Got a serpentine rune of Zot
 73312 | Swamp:1  | Entered Level 1 of the Swamp
 76037 | Swamp:4  | Entered Level 4 of the Swamp
 76746 | Swamp:4  | Got a decaying rune of Zot
 77206 | Vaults:1 | Entered Level 1 of the Vaults
 77206 | Vaults:1 | Found Cotodiy's Antique Weapon Shoppe.
 78635 | Vaults:2 | Reached XP level 25. HP: 257/257 MP: 26/26
 80737 | Vaults:3 | Found Fiureawn's Assorted Antiques.
 80745 | Vaults:3 | Bought a scratched ivory ring for 200 gold pieces
 80745 | Vaults:3 | Bought a scroll of teleportation for 120 gold pieces
 81263 | Vaults:3 | Found a staircase to the Crypt.
 83270 | Slime:6  | Got a slimy pewter ring
 83272 | Slime:6  | Identified the ring "Weps" {rElec rPois rC+ Stlth-} (You found it on level 6 of the Pits of Slime)
 83337 | Slime:6  | Got a slimy rune of Zot
 83339 | Slime:6  | Got a twitching turquoise ring
 83341 | Slime:6  | Identified the cursed ring "Plog" {*Contam rPois Int+5 Dex-2} (You found it on level 6 of the Pits of Slime)
 83372 | Slime:6  | Learned a level 2 spell: Repel Missiles
 83815 | Zig:1    | Entered Level 1 of a ziggurat
 83815 | Zig:1    | Noticed Iziacs the pandemonium lord
 83828 | Zig:1    | Killed Iziacs the pandemonium lord
 83883 | Zig:2    | Entered Level 2 of a ziggurat
 83929 | Zig:3    | Entered Level 3 of a ziggurat
 84018 | Zig:4    | Entered Level 4 of a ziggurat
 84111 | Zig:5    | Entered Level 5 of a ziggurat
 84176 | Zig:6    | Entered Level 6 of a ziggurat
 84321 | Zig:6    | Learned a level 6 spell: Deflect Missiles
 84325 | Zig:7    | Entered Level 7 of a ziggurat
 84836 | Zig:7    | Got a scorched dagger
 84837 | Zig:7    | Identified the +3 dagger of Crawling {elec, rElec Int+2} (You found it on level 7 of a ziggurat)
 84842 | Zig:8    | Entered Level 8 of a ziggurat
 84853 | Zig:8    | Noticed a greater mummy
 84853 | Zig:8    | Noticed a greater mummy
 84853 | Zig:8    | Noticed a greater mummy
 84854 | Zig:8    | Noticed a greater mummy
 84854 | Zig:8    | Noticed a greater mummy
 84854 | Zig:8    | Noticed a greater mummy
 85249 | Zot:1    | Entered Level 1 of the Realm of Zot
 85523 | Zot:1    | Noticed an orb of fire
 85542 | Zot:1    | Killed an orb of fire
 86217 | Zot:1    | Reached skill level 27 in Dodging
 90088 | Vaults:5 | Entered Level 5 of the Vaults
 91561 | Vaults:4 | Noticed Mennas
 91570 | Vaults:4 | Noticed Sojobo
 91576 | Vaults:4 | Killed Mennas
 91585 | Vaults:4 | Killed Sojobo
 91632 | Vaults:4 | Noticed Jory
 91649 | Vaults:4 | Killed Jory
 92647 | Vaults:5 | Lost mutation: Your mind is acute. (Int +2) [mutagenic glow]
 93877 | Vaults:4 | Found Nuheroet's General Store.
 93894 | Vaults:4 | Bought a potion of haste for 130 gold pieces
 94491 | Vaults:4 | Got a shimmering lead ring
 94495 | Vaults:4 | Got a shimmering amber ring
 94724 | Vaults:5 | Identified the ring of Goitetab {rN+ MR+ MP+9 Int+4} (You took it off an ironheart preserver on level 4 of the Vaults)
 94726 | Vaults:5 | Identified the ring of Gileg {rF+ rC+ AC+2 Str+4} (You took it off a deep elf annihilator on level 4 of the Vaults)
 94897 | Vaults:5 | Got a silver rune of Zot
 95258 | Vaults:5 | Identified the Compendium of Flamy Protection
 95653 | Vaults:5 | Identified the Volume of Ashen Attacks
 96233 | Zot:3    | Reached skill level 27 in Long Blades
 96636 | Zot:3    | Reached skill level 10 in Shields
 96765 | Zot:3    | Noticed an orb of fire
 96781 | Zot:3    | Killed an orb of fire
 97227 | Zot:4    | Got a pair of spiked gloves
 97238 | Zot:4    | Identified the +0 pair of gloves of Parlour Games {+Blink rC++ Regen+ Int-2} (You acquired it on level 4 of the Realm of Zot)
 97274 | Zot:5    | Entered Level 5 of the Realm of Zot
 99031 | Zot:4    | Gained mutation: Your flesh is almost immune to the effects of cold. [mutagenic meat]
 99230 | Zot:4    | Reached skill level 15 in Shields
 99553 | Zot:4    | Identified the Volume of Warped Clay
 99625 | Zot:4    | Got a jewelled blowgun
 99626 | Zot:4    | Identified the +10 blowgun of Departure {speed, *Contam rC+ Int+2} (You found it on level 4 of the Realm of Zot)
 99828 | Zot:4    | Got a crude wooden ring
 99931 | Zot:4    | Identified the ring of Padomiak {Fire MR+} (You found it on level 4 of the Realm of Zot)
100941 | Zot:5    | Noticed an orb of fire
100944 | Zot:5    | Noticed an orb of fire
100964 | Zot:5    | Killed an orb of fire
100971 | Zot:5    | Gained mutation: You are dopey. (Int -2) [an orb of fire]
100977 | Zot:5    | Killed an orb of fire
100990 | Zot:5    | Noticed an ancient lich
100991 | Zot:5    | Noticed an ancient lich
101003 | Zot:5    | Killed an ancient lich
101009 | Zot:5    | Killed an ancient lich
101281 | Zot:5    | Noticed an orb of fire
101305 | Zot:5    | Noticed an orb of fire
101310 | Zot:5    | Killed an orb of fire
101322 | Zot:5    | Noticed an orb of fire
101332 | Zot:5    | Noticed an ancient lich
101496 | Zot:4    | Killed an ancient lich
101547 | Zot:4    | Killed an orb of fire
101849 | Zot:5    | Killed an orb of fire
101940 | Zot:5    | Noticed an orb of fire
101974 | Zot:5    | Gained mutation: You occasionally shout uncontrollably at your foes. [an orb of fire]
101981 | Zot:5    | Gained mutation: Scrolls take you longer to read. [an orb of fire]
101986 | Zot:5    | Killed an orb of fire
102353 | Zot:5    | Reached skill level 1 in Charms
102416 | Zot:5    | Noticed an orb of fire
102432 | Zot:5    | Gained mutation: Your body sometimes deteriorates upon taking damage. [an orb of fire]
102438 | Zot:5    | Killed an orb of fire
102438 | Zot:5    | Reached skill level 5 in Charms
103179 | Depths:4 | Voluntarily entered the Abyss.
103200 | Abyss:1  | Noticed an ancient lich
103253 | Depths:4 | Escaped the Abyss
103309 | Depths:4 | Voluntarily entered the Abyss.
103491 | Abyss:1  | Gained mutation: Your spells are a little easier to cast, but a little less powerful. [a neqoxec]
103795 | Depths:4 | Escaped the Abyss
103861 | Depths:4 | Voluntarily entered the Abyss.
103871 | Abyss:1  | Lost mutation: You expend magic power (3 MP) to strengthen your wands. [potion of cure mutation]
103871 | Abyss:1  | Lost mutation: Your body sometimes deteriorates upon taking damage. [potion of cure mutation]
103871 | Abyss:1  | Lost mutation: You regenerate slowly when monsters are visible. [potion of cure mutation]
103872 | Abyss:1  | Lost mutation: You are dopey. (Int -2) [potion of cure mutation]
103872 | Abyss:1  | Lost mutation: You have large cloven feet. [potion of cure mutation]
103872 | Abyss:1  | Lost mutation: Scrolls take you longer to read. [potion of cure mutation]
104146 | Abyss:2  | Got a shimmering dagger
104147 | Abyss:2  | Identified the +2 dagger "Nyxtusig" {flame, rElec Int+3} (You found it on level 2 of the Abyss)
104163 | Abyss:2  | Reached skill level 5 in Spellcasting
104180 | Abyss:2  | Found a shimmering altar of Xom.
104180 | Abyss:2  | Found a shimmering altar of Xom.
104181 | Abyss:2  | Found a shimmering altar of Xom.
104181 | Abyss:2  | Found a shimmering altar of Xom.
104551 | Depths:4 | Escaped the Abyss
104664 | Depths:4 | Voluntarily entered the Abyss.
104719 | Abyss:1  | Reached skill level 10 in Charms
104905 | Depths:4 | Escaped the Abyss
104907 | Depths:4 | Voluntarily entered the Abyss.
105309 | Abyss:1  | Paralysed by accursed screaming for 1 turns
105383 | Abyss:1  | Paralysed by accursed screaming for 1 turns
105387 | Abyss:1  | Paralysed by accursed screaming for 1 turns
105411 | Depths:4 | Escaped the Abyss
105491 | Depths:4 | Lost mutation: Your flesh is almost immune to the effects of cold. [mutagenic meat]
105604 | Depths:4 | Voluntarily entered the Abyss.
105604 | Abyss:1  | Found a corrupted altar of Lugonu.
105713 | Abyss:1  | Found a corrupted altar of Lugonu.
106468 | Abyss:2  | Lost mutation: Scrolls take you a little longer to read. [a neqoxec]
106472 | Depths:4 | Escaped the Abyss
106792 | Zot:5    | Got the Orb of Zot
106852 | Zot:4    | Noticed Oghum the pandemonium lord
107224 | Depths:2 | Noticed Hiykk the pandemonium lord
107384 | D:13     | Lost mutation: Your spells are a little easier to cast, but a little less powerful. [mutagenic glow]
107739 | D:1      | Noticed an ancient lich
107752 | D:$      | Escaped with the Orb!

Vault maps used:
D:1:      minmay_arrival_four_circles, supply_closet_lemuel,
          minmay_misc_feat_pillars, corexii_item_surrounded_by_moat,
          minmay_misc_feat_more_columns, hangedman_abyss_or_decor_stabs
D:2:      nicolae_qazlal_eye_of_the_storm
D:3:      nicolae_ru_great_annihilating_truth
D:4:      serial_forest, infiniplex_forest_lined_room_3,
          infiniplex_forest_lined_3, infiniplex_forest_end_3,
          infiniplex_forest_lined_room_2, infiniplex_forest_straight_2,
          infiniplex_forest_lined_room_, infiniplex_forest_zigzag_2,
          infiniplex_forest_end_3, first_bread
D:5:      okawaru_trees_2, kennysheep_little_box, uniq_blork_the_orc
D:6:      nicolae_overflow_hidden_temple, minmay_misc_feat_alley
D:7:      grunt_dithmenos_shadows, gammafunk_temple_overflow_elements,
          uniq_joseph, uniq_menkaure
D:8:      lemuel_mausoleum_altar_yredelemnul, hangedman_tree_tricks
D:9:      lemuel_crystal_altar, nicolae_blasting_shop
D:10:     lemuel_bear_cage, uniq_grum, uniq_erica
D:11:     minmay_separated_statues, erik_lair_orcish_takeover,
          serial_co_window_serial, co_window_paths_b, co_window_paths_a,
          co_window_of_opportunity_a, co_window_paths_b, co_window_paths_a,
          co_window_paths_b, co_window_paths_b, co_window_broadway_a,
          co_window_cross_3, co_window_broadway_c, co_window_4corner_b,
          co_window_4corner_a, glass_columns_a, st_stairs_14, uniq_nergalle
D:12:     erik_orc_3, uniq_maurice
D:13:     uniq_kirke
D:14:     hangedman_vaults_entry_quadrant_bands, minivault_4
D:15:     gammafunk_depths_entry_grave, hangedman_decor_points, uniq_agnes
Temple:   chambers_temple_10
Lair:2:   minmay_lair_oklob_tunnel, minmay_holes, serial_bayou_shore_b,
          grunt_megastairs_5, uniq_harold
Lair:3:   enter_volcano_2, special_room, serial_bayou_pond_e,
          minmay_stone_trees_small, serial_bayou_shore_b
Lair:4:   nicolae_quartered_pool_medium, beast_lair_carwin_10,
          lemuel_fruit_tree, uniq_snorg
Lair:5:   nicolae_swamp_entry_splash_gauntlet, grunt_forest_large_clearings,
          infiniplex_staircase_pool, serial_bayou_shore_a
Lair:6:   guppyfry_snake_entry_island, serial_bayou_shore_b, uniq_maud
Lair:7:   nicolae_slime_entry_slimehenge
Lair:8:   evil_forest, lab_entry_generic, basic_altar
Swamp:1:  evilmike_swamp_ruin_house_5
Swamp:2:  hangedman_swamp_ruin_wall, nicolae_swamp_very_dense_foliage
Swamp:3:  cheibrodos_swamp_heart_of_darkness, evilmike_swamp_ruin_house_4,
          swamp_pool1
Swamp:4:  grunt_swamp_rune_castle
Snake:3:  cheibrodos_snake_lava_hold, portal_ice_cave_entry_frozen_things,
          grunt_ministairs_6, uniq_aizul
Snake:4:  minmay_snake_end_coiled, hangedman_snake_pattern, spider_trap,
          uniq_vashnia
Slime:2:  basic_altar
Slime:4:  special_room
Orc:1:    uniq_josephine
Orc:2:    pubby_orc_utopia, serial_shops, uniq_azrael
Elf:1:    eino_elf_arrival_sip, evilmike_minifort
Elf:2:    serial_shops, shop_coins, uniq_norris
Elf:3:    minmay_elf_hall_quartered_circle, serial_shops,
          nicolae_shop_waterfront
Vaults:1: nicolae_vaults_ring_of_whatevers, hangedman_vaults_stretched_pinwheel,
          hangedman_vaults_variations, v_misc_17, nicolae_vaults_three_branches,
          v_alt_pattern_5, vaults_dpeg_ring, grunt_vaults_diagonal,
          nicolae_vaults_diagonal_hallway_6, serial_shops,
          nicolae_shop_overgrown_old_shop
Vaults:2: ontoclasm_vaults_tryst, vaults_room_stairs_pillars,
          nicolae_vaults_angled_halls, v_pattern_5, ontoclasm_vaults_twist,
          hangedman_vaults_nails, ontoclasm_vaults_loading_screen,
          grunt_vaults_focal, vaults_mumra_hexcomb, vaults_mumra_minichess,
          nicolae_vaults_little_ls
Vaults:3: hangedman_vaults_cutoff, hangedman_vaults_corner_blocks,
          minmay_crypt_entry_skeletal_spiral, vaults_mumra_chevron_long,
          v_pattern_4, hangedman_vaults_river_flow, hangedman_vaults_stagger,
          v_misc_11, serial_shops, shop
Vaults:4: hangedman_vaults_corner_blocks, nicolae_vaults_border_crossing,
          ontoclasm_vaults_shuriken, v_misc_26, v_alt_pattern_4, st_lines,
          hangedman_vaults_impose, v_misc_17, vaults_dpeg_diagonal,
          vaults_room_door_hall, grunt_vaults_trifunnel, vaults_room_hallway,
          v_misc_3, nicolae_vaults_what_the_h, serial_shops, shop, uniq_mennas,
          uniq_sojobo, uniq_jory
Vaults:5: serial_shops
Depths:1: hellmouth_3, grunt_decor_arrowhead, minmay_liquid_box,
          unseen_surprise_small, firewood_loft
Depths:2: hangedman_crystal_crosses_colossus, hell_entry
Depths:3: dpeg_oklob_shooting_range, rand_demon_pan_entry_1, hell_entry,
          solitary_fountain, small_statue_intersection
Depths:4: minmay_expanding_circles, hangedman_coc_ice_floe,
          grunt_decor_mini_mirrors, abyss_entry, kennysheep_generic_room_7,
          infiniplex_staircase_spiral_double
Depths:5: evilmike_zot_entry_hall, enter_ziggurat_a,
          lightli_enter_wizlab_magi_temple, serial_glass, glass_columns_c,
          glass_columns_b, minmay_misc_feat_room, nicolae_trove_entry_diagonal,
          hell_entry, tso_metal_star, serial_bayou_shore_b
Zot:1:    lemuel_acid_trip
Zot:3:    grunt_megastairs_1
Zot:4:    kennysheep_oblong_rooms, st_stairs_1, st_large_dragon_hoard_2
Abyss:1:  evilmike_abyss_exit_9
Abyss:2:  bh_abyss_xom_lugonu_altar, minivault_1, evilmike_abyss_exit_17
Abyss:3:  evilmike_abyss_exit_5, evilmike_abyss_exit_glass,
          evilmike_abyss_exit_disperse, evilmike_abyss_rune_seething_chaos
Abyss:4:  bh_silent_lugonu_exit
Abyss:5:  grunt_abyss_rune_the_horror, evilmike_abyss_exit_8, minivault_25,
          hangedman_abyss_sting
Zig:3:    ziggurat_pillar_centre_c
Zig:5:    ziggurat_loot_1
Zig:8:    ziggurat_pillar_centre_dead_trees
Lab:      labyrinth_mini_lab, nicolae_lab_flowing_pool, nicolae_lab_diamond,
          lab_statue, labyrinth_fake_exit, nicolae_lab_big_swirl,
          nicolae_lab_dead_end
IceCv:    ice_cave_small_demon
Volcano:  volcano_grotto
WizLab:   wizlab_wucad

Skill      XL: |  1  2  3  4  5  6  7  8  9 10 11 12 13 14 15 16 17 18 19 20 21 22 23 24 25 |
---------------+----------------------------------------------------------------------------+-----
Dodging        | 2 3 4 6 7 9 11 12 16 15 17 18 20 21 22 24 27 | 27.0
Fighting       | 1 2 3 4 5 7 9 11 12 14 16 19 20 21 22 24 27 | 27.0
Stealth        | 0 |  0.0
Long Blades    | 2 9 14 15 19 20 27 | 27.0
Shields        | 7 20 | 20.5
Charms         | 12 | 12.6
Spellcasting   | 7 |  7.4
Short Blades   | |  1.0
Hexes          | |  2.6

Action                   |  1- 3 |  4- 6 |  7- 9 | 10-12 | 13-15 | 16-18 | 19-21 | 22-24 | 25-27 || total
-------------------------+-------+-------+-------+-------+-------+-------+-------+-------+-------++-------
Melee: Dagger            |   140 |   212 |       |       |       |       |       |       |       ||   352
       Rapier            |       |    32 |       |       |       |       |       |       |       ||    32
       Trident           |       |    65 |   243 |   318 |       |       |       |       |       ||   626
       Long sword        |       |    42 |       |       |    61 |       |       |       |       ||   103
       Short sword       |       |       |       |   275 |    24 |       |       |       |       ||   299
       Scimitar          |       |       |       |    34 |  1315 |  1126 |   357 |       |       ||  2832
       Eveningstar       |       |       |       |       |    31 |       |       |       |       ||    31
       Double sword      |       |       |       |       |       |       |   935 |  2154 |  4230 ||  7319
Throw: Throwing net      |       |       |     1 |       |       |       |     4 |       |     2 ||     7
 Cast: Corona            |    24 |    18 |       |       |       |       |       |       |       ||    42
       Ensorcelled Hiber |    16 |    34 |       |       |       |       |       |       |       ||    50
       Tukima's Dance    |       |     7 |     9 |     8 |       |       |       |       |       ||    24
       Haste             |       |       |       |       |       |       |       |       |     9 ||     9
       Repel Missiles    |       |       |       |       |       |       |       |       |     1 ||     1
Invok: Sacrifice Arcana  |       |     1 |       |       |       |       |       |       |       ||     1
       Sacrifice Artific |       |       |     1 |       |       |       |       |       |       ||     1
       Power Leap        |       |       |     8 |    60 |    90 |    23 |    27 |    21 |    10 ||   239
       Apocalypse        |       |       |       |     5 |    16 |    17 |     8 |    11 |    42 ||    99
       Sacrifice Stealth |       |       |       |     1 |       |       |       |       |       ||     1
       Sacrifice Love    |       |       |       |     1 |       |       |       |       |       ||     1
       Sacrifice Experie |       |       |       |     1 |       |       |       |       |       ||     1
       Draw Out Power    |       |       |       |       |     1 |     4 |       |       |       ||     5
       Reject Sacrifices |       |       |       |       |     1 |       |       |       |       ||     1
 Abil: Breathe Steam     |       |       |    29 |    92 |    95 |    49 |    10 |     7 |    16 ||   298
  Use: Potion            |     2 |     1 |     2 |     2 |     3 |    28 |     3 |     3 |    37 ||    81
       Scroll            |       |     5 |     5 |    11 |    19 |    12 |    16 |     9 |    34 ||   111
 Stab: Sleeping          |     5 |    21 |    10 |     4 |       |       |       |       |       ||    40
       Distracted        |       |     2 |     1 |     3 |    12 |    11 |    11 |    19 |    24 ||    83
       Paralysed         |       |     1 |       |    20 |    79 |    33 |    29 |    36 |    93 ||   291
       Invisible         |       |       |     3 |     5 |    15 |    11 |    22 |    36 |    36 ||   128
       Held in net/web   |       |       |       |       |       |       |     7 |       |     2 ||     9
       Confused          |       |       |       |       |       |       |       |     1 |     1 ||     2
  Eat: Chunk             |     1 |    15 |    10 |    38 |    50 |     6 |    29 |    36 |    65 ||   250
       Meat ration       |     1 |     1 |     1 |       |     2 |     4 |       |     6 |     4 ||    19
       Bread ration      |       |       |       |     3 |     6 |     2 |     1 |     5 |    13 ||    30
       Pizza             |       |       |       |       |       |       |     2 |     6 |     2 ||    10
       Beef jerky        |       |       |       |       |       |       |       |     3 |     1 ||     4
       Royal jelly       |       |       |       |       |       |       |       |     1 |     8 ||     9
